 Dungeon Crawl Stone Soup version 0.27.1-37-g7b29ead8ac (webtiles) character file.

Game seed: 12339561040747666531

1143 AgateBread the Distorting Demonspawn (level 8, 63/63 HPs)
             Began as a Demonspawn Abyssal Knight on Dec 21, 2021.
             Was a Believer of Lugonu.
             Quit the game on level 5 of the Dungeon on July 1, 2023.
             The game lasted 00:37:26 (7569 turns).

AgateBread the Distorting Demonspawn (DsAK)         Turns: 7569, Time: 00:37:27

Health: 63/63      AC:  7    Str: 14    XL:     8   Next: 15%
Magic:  13/13      EV: 10    Int: 15    God:    Lugonu [**....]
Gold:   155        SH:  9    Dex: 12    Spells: 7/7 levels left

rFire    . . .     SeeInvis .   F - +1 flail (venom)
rCold    . . .     Faith    .   (no shield)
rNeg     . . .     Spirit   +   v - +0 ring mail
rPois    .         Reflect  +   (helmet restricted)
rElec    .         Harm     .   p - +0 cloak
rCorr    +         Rampage  .   I - +0 pair of gloves
Will     .....                  (no boots)
Stlth    +.........             q - amulet of reflection
HPRegen  0.20/turn              f - ring of wizardry
MPRegen  0.26/turn              t - ring of resist corrosion

@: no status effects
A: horns 1, large bone plates 1, magic shield, magic regeneration
a: Renounce Religion, Depart the Abyss, Bend Space


You were on level 5 of the Dungeon.
You worshipped Lugonu.
Lugonu was pleased with you.
You visited 2 branches of the dungeon, and saw 6 of its levels.
You visited the Abyss 1 time.

You collected 341 gold pieces.
You spent 186 gold pieces at shops.

Inventory:

Hand Weapons
 a - a +1 hand axe
 c - a +0 long sword
 g - a +3 dagger
 n - a +0 spear
 w - a +0 hunting sling
 x - a +0 falchion
 y - a +0 trident
 F - a +1 flail of venom (weapon)
 H - a +0 scythe
Missiles
 d - 9 boomerangs (quivered)
 e - 81 sling bullets
 h - 162 stones
 k - 5 poisoned darts
 C - 24 bolts
Armour
 b - a +0 leather armour
 p - a +0 cloak (worn)
 v - a +0 ring mail (worn)
 A - a +0 plate armour
 B - a +2 helmet
 I - a +0 pair of gloves (worn)
Jewellery
 f - a ring of wizardry (left hand)
 q - an amulet of reflection (around neck)
 t - a ring of resist corrosion (right hand)
Scrolls
 i - 3 scrolls of fog
 j - a scroll of fear {unknown}
 m - 2 scrolls of vulnerability {unknown}
 r - a scroll of amnesia {unknown}
 u - a scroll of blinking
 E - a scroll of magic mapping {unknown}
 J - a scroll of identify
 K - a scroll of enchant armour {unknown}
Potions
 l - a potion of ambrosia
 o - 3 potions of attraction
 s - a potion of flight
 z - a potion of magic {unknown}
 D - 4 potions of mutation
 G - a potion of berserk rage {unknown}


   Skills:
 + Level 5.6 Fighting
 * Level 6.5 Axes
 - Level 1.7 Armour
 - Level 0.8 Dodging
 + Level 6.7 Invocations


You had 7 spell levels left.
You didn't know any spells.
Your spell library contained the following spells:

 Spells                   Type           Power      Damage    Failure   Level
 Summon Forest            Summ/Tloc      0%         N/A       99%         5
 Eringya's Noxious Bog    Tmut/Pois      0%         N/A       100%        6
 Summon Hydra             Summ           0%         N/A       100%        7


Dungeon Overview and Level Annotations

Branches:
Dungeon (5/15)             Temple (1/1) D:5

Altars:
Ashenzari
Cheibriados
Gozag
Kikubaaqudgha
Makhleb
Ru
Sif Muna
Trog
Uskayaw
Vehumet
Wu Jian
Xom
Zin
The Shining One

Shops:
D:1 (   D:2 =??

Annotations:
D:3 1 runed translucent door, Crazy Yiuf
D:4 3 runed translucent doors, osinmv's ghost, amateur GnWn


Innate Abilities, Weirdness & Mutations

You have a pair of small horns on your head.
You are partially covered in large bone plates. (SH +4)
When hurt, damage is shared between your health and your magic reserves.
You regenerate magic rapidly.


Message History

You feel sick. You block the adder's attack.
Your unstable footing causes you to fumble your attack.
You feel sick. The adder closely misses you. You block the adder's attack.
Your unstable footing causes you to fumble your attack.
You feel sick. The adder bites you but does no damage.
The adder completely misses you.
You hit the adder.
You kill the adder!
Lugonu accepts your kill.
You feel sick.
You are no longer poisoned.
There is an open translucent door here.
You see here a +0 trident.
You start resting.
HP restored.
You start waiting.
Done waiting.
J - a scroll of identify
K - a scroll labelled GUBARU ZOCLUK
There is an open translucent door here.
You see here a +0 trident.
You enter the shallow water.
Moving in this stuff is going to be slow.
d - 9 boomerangs (gained 5)
You see here a +0 flail.
Things that are here:
a +0 flail; an orc skeleton
There is an open translucent door here.
You see here a +0 trident.
Found 19 gold pieces.
Welcome back, AgateBread the Demonspawn Abyssal Knight.
Lugonu says: Spread carnage and corruption!
Press ? for a list of commands and other information.
Welcome back, AgateBread the Demonspawn Abyssal Knight.
Lugonu says: Spread carnage and corruption!
Press ? for a list of commands and other information.
Unknown command.
Save game and exit?
Okay, then.
Are you sure you want to abandon this character and quit the game? (Confirm with "yes".)

#........# ## #.......#
.# #.......# .# #.......#
.###.......########
..#.........#.#.#.#
.#.##)##.#.#.#.#.##
..##≈≈≈##.#.#.#.#.#
.#.#)≈)#.#.#.#.#@##
#.##≈≈≈##.#.#.#.#...$...
.#.#≈≈≈#.#.#.#.#.##.....
#.##≈.≈##.#.#.#.#.# ....
.#.#≈≈≈#.#.#.#.#.## ...
<.##≈≈≈##.#.#.#.#.# ..
.#.#≈≈≈#.#.#.....## .
#.##≈≈≈##.#.......#.....#
.#.##'##.#.#^....##.....#


There were no monsters in sight!

Vanquished Creatures
  The ghost of Cheops the Poker, a novice FoAK of Lugonu (D:5)
  Sigmund (D:4)
  Eustachio (D:4)
  A phantom (D:5)
  A scorpion (D:5)
  A water moccasin zombie (D:5)
  A water moccasin skeleton (D:3)
  2 hounds
  2 jellies
  An orc priest (D:4)
  An iguana (D:4)
  6 adders
  A river rat (D:5)
  A dart slug (D:2)
  8 orcs
  7 ball pythons
  4 bats
  6 endoplasms
  3 giant cockroaches
  13 goblins
  11 hobgoblins
  3 quokkas
  2 frilled lizards (D:2)
  A jackal skeleton (D:4)
  7 kobolds
  6 rats
92 creatures vanquished.

Vanquished Creatures (others)
  3 plants (D:1)
3 creatures vanquished.

Grand Total: 95 creatures vanquished

Notes
Turn   | Place    | Note
-------+----------+-------------------------------------------
     0 | Abyss:1  | AgateBread the Demonspawn Abyssal Knight began the quest
                  | for the Orb.
     0 | Abyss:1  | Reached XP level 1. HP: 18/18 MP: 2/2
    69 | Abyss:1  | Noticed a small abomination
    70 | D:1      | Escaped the Abyss
   272 | D:1      | Found Haummia's Antique Weapon Shop.
   464 | D:1      | Gained mutation: You are partially covered in large bone
                  | plates. (SH +4) [demonic ancestry]
   464 | D:1      | Reached XP level 2. HP: 24/24 MP: 4/4
   590 | D:1      | Reached * piety under Lugonu
   673 | D:1      | Found a faded altar of an unknown god.
   884 | D:1      | Found a hide-covered altar of Uskayaw.
  1098 | D:2      | Found Yjiyfost's Magic Scroll Boutique.
  1120 | D:2      | Bought a scroll of identify for 24 gold pieces
  1120 | D:2      | Bought 3 scrolls of identify for 72 gold pieces
  1153 | D:2      | Found Bogatz's Magic Scroll Boutique.
  1167 | D:2      | Found Uceutwab's Jewellery Boutique.
  1208 | D:2      | Gained mutation: You regenerate magic rapidly. [demonic
                  | ancestry]
  1208 | D:2      | Reached XP level 3. HP: 3/29 MP: 5/5
  1924 | D:2      | Gained mutation: When hurt, damage is shared between your
                  | health and your magic reserves. [demonic ancestry]
  1924 | D:2      | Reached XP level 4. HP: 34/35 MP: 6/6
  2812 | D:3      | You fall into a shaft and drop 1 floor!
  2821 | D:4      | Found a runed translucent gate.
  2821 | D:4      | Found a runed translucent gate.
  2828 | D:4      | Found a runed translucent gate.
  2828 | D:4      | Noticed osinmv's ghost (amateur GnWn)
  2947 | D:4      | Noticed an ogre
  2994 | D:4      | Noticed Eustachio
  3837 | D:2      | Bought a scroll of blinking for 90 gold pieces
  4048 | D:3      | Reached XP level 5. HP: 31/42 MP: 4/8
  4303 | D:3      | Found a runed translucent door.
  4304 | D:3      | Noticed Crazy Yiuf
  5029 | D:4      | Reached ** piety under Lugonu
  5124 | D:4      | Killed Eustachio
  5125 | D:4      | Gained mutation: You have a pair of small horns on your
                  | head. [demonic ancestry]
  5125 | D:4      | Reached XP level 6. HP: 36/49 MP: 6/9
  5335 | D:4      | Reached skill level 5 in Invocations
  6361 | D:4      | Noticed Sigmund
  6374 | D:4      | Killed Sigmund
  6375 | D:4      | Reached skill level 5 in Axes
  6375 | D:4      | Reached XP level 7. HP: 41/55 MP: 9/11
  6614 | D:5      | Entered Level 5 of the Dungeon
  6687 | D:5      | Found a runed translucent door.
  6695 | D:5      | Noticed Cheops's ghost (novice FoAK)
  6721 | D:5      | Found a runed translucent door.
  6758 | D:5      | Reached skill level 5 in Fighting
  6760 | D:5      | Found a staircase to the Ecumenical Temple.
  6856 | D:5      | Killed Cheops's ghost
  6857 | D:5      | Reached XP level 8. HP: 36/63 MP: 7/12
  7048 | Temple   | Entered the Ecumenical Temple
  7568 | D:5      | Upgraded the game from 0.27.1-33-g824d729ab1 to
                  | 0.27.1-37-g7b29ead8ac
  7569 | D:5      | Quit the game

Illustrated notes

Levels and vault maps discovered:
D:1:      saegor_arrival_simple_d, layout_loops_ring, serial_shops, shop_coins,
          shapermc_ecumenical_altar_mp_ritualfount, amethyst_killhole,
          ebering_dispersal_statue_hall, kennysheep_flooded_box
D:2:      cheibrodos_greedy_goblins, layout_basic, serial_shops,
          nicolae_shop_behind_doors, nicolae_shop_waterfront, shop
D:3:      layout_basic, uniq_crazy_yiuf_cottage
D:4:      layout_cave_pods, ebering_ghost_rock_garden,
          chequers_serial_rivers_micro_a, uniq_sigmund, uniq_eustachio
D:5:      layout_basic, minmay_temple_entry_sparse_star, ebering_ghost_sewer_f,
          minmay_misc_feat_ornament, uniq_menkaure
Temple:   nicolae_temple_figure_eight

Skill      XL: |  1  2  3  4  5  6  7 |
---------------+----------------------+-----
Axes           | 2 3 4 5 6 |  6.5
Invocations    | 3 4 5 6 |  6.7
Fighting       | 4 5 |  5.6
Armour         | |  1.7
Dodging        | |  0.8

Action                   |  1- 3 |  4- 6 |  7- 9 || total
-------------------------+-------+-------+-------++-------
Melee: Hand axe          |    83 |   162 |       ||   245
       Flail             |       |    12 |    66 ||    78
       Headbutt          |       |     5 |    12 ||    17
Throw: Boomerang         |    13 |    49 |    13 ||    75
       Dart              |       |    12 |     6 ||    18
Invok: Depart the Abyss  |     1 |       |       ||     1
       Bend Space        |       |     1 |       ||     1
  Use: Scroll            |     2 |     7 |     1 ||    10
       Potion            |       |     1 |     1 ||     2
Armor: Leather armour    |    34 |    14 |       ||    48
       Ring mail         |       |    64 |    39 ||   103
Dodge: Dodged            |    51 |   111 |    38 ||   200
Block: Other             |    18 |   117 |    37 ||   172
       Reflection        |     1 |     4 |       ||     5
